 Dungeon Crawl Stone Soup version 0.24-a0-278-gefa1973 (webtiles) character file.

Game seed: 12436120133435262809

93 Dantiko the Slasher (level 4, 0/37 HPs)
             Began as a Barachi Skald on May 1, 2019.
             Slain by Crazy Yiuf
             ... wielding a +2 quarterstaff of chaos
              (3 damage)
             ... on level 2 of the Dungeon.
             The game lasted 00:11:17 (1369 turns).

Dantiko the Slasher (Barachi Skald)                 Turns: 1369, Time: 00:11:18

Health: 0/37       AC:  6    Str: 13    XL:     4   Next: 61%
Magic:  0/7        EV: 11    Int: 14    God:
Gold:   62         SH:  0    Dex: 11    Spells: 4/7 levels left

rFire    + . .     SeeInvis .   m - +3 dagger
rCold    + . .     Gourm    .   (no shield)
rNeg     . . .     Faith    .   q - +0 ring mail
rPois    .         Spirit   .   e - +0 helmet
rElec    .         Reflect  .   h - scarf {rC+ rF+}
rCorr    .         Harm     .   (no gloves)
MR       .....                  (no boots)
Stlth    +.........             (no amulet)
HPRegen  0.12/turn              (no ring)
MPRegen  0.10/turn              (no ring)

@: can't hop, lightly drained, slow
A: +LOS, swims, slowness 1, strong legs 1
a: Hop


You were on level 2 of the Dungeon.
You were not hungry.

You visited 1 branch of the dungeon, and saw 2 of its levels.

You collected 62 gold pieces.

Inventory:

Hand Weapons
 a - a +0 falchion
 m - a +3 dagger (weapon)
Armour
 b - a +0 leather armour
 e - a +0 helmet (worn)
 h - a scarf of resistance (worn)
 q - a +0 ring mail (worn)
Scrolls
 c - 3 scrolls of teleportation {unknown}
 i - a scroll of identify {unknown}
 k - a scroll of random uselessness {unknown}
 o - a scroll of fear {unknown}
Potions
 g - a potion of haste {unknown}
 j - a potion of might {unknown}
 l - 2 potions of heal wounds {unknown}
 n - a potion of degeneration {unknown}
 p - a potion of resistance {unknown}
 r - a potion of agility {unknown}
Comestibles
 d - 4 rations
 f - 3 chunks of flesh


   Skills:
 + Level 3.8(3.5) Fighting
 + Level 3.9(3.5) Long Blades
 - Level 1.2(0.8) Armour
 - Level 2.2(1.9) Dodging
 - Level 2.2(1.9) Spellcasting
 - Level 3.2(2.9) Charms
 - Level 2.0(1.6) Translocations


You had 4 spell levels left.
You knew the following spells:

 Your Spells              Type           Power        Failure   Level  Hunger
a - Infusion              Chrm           #...         16%         1    ##.....
b - Shroud of Golubria    Chrm/Tloc      #.........   30%         2    ###....

Your spell library contained the following spells:

 Spells                   Type           Power        Failure   Level  Hunger
 Song of Slaying          Chrm           #.......     24%         2    ###....
 Regeneration             Chrm/Necr      #.........   63%         3    ####...
 Spectral Weapon          Hex/Chrm       #.......     63%         3    ####...


Dungeon Overview and Level Annotations

Branches:
Dungeon (2/15)

Altars:
Qazlal

Annotations:
D:2 Crazy Yiuf, Terence


Innate Abilities, Weirdness & Mutations

Shadows flee at your approach. (+LOS)
You can swim through water.
You cover ground slowly.
You can hop short distances.


Message History

Casting: Infusion (safe; 16% risk of failure)
Confirm with . or Enter, or press ? or * to list all spells.
Space distorts slightly along a thin shroud covering your body.
You are no longer magically infusing your attacks.
You hit Crazy Yiuf.
Crazy Yiuf is heavily wounded.
Crazy Yiuf hits you with a +2 quarterstaff of chaos.
* * * LOW HITPOINT WARNING * * *
Your shroud falls apart!
Unknown command.
You hit Crazy Yiuf.
Crazy Yiuf is severely wounded.
Crazy Yiuf barely misses you.
You hit Crazy Yiuf.
Crazy Yiuf is almost dead.
Crazy Yiuf hits you but does no damage.
You hit Crazy Yiuf.
Crazy Yiuf is almost dead.
Crazy Yiuf hits you with a +2 quarterstaff of chaos.
You die...

#.....##.##.........# #..
##....##.##.........####..
#.#####........#.........
#.#####.###....#.........
#........##....##.#######
#.####....###..'..# #...#
#.# #....# #..#### #....
+.# ♣....♣ #.....# #....
#.# ♣♣.@.♣ #####'####...
#.# ♣♣g♣♣ #.....# #...
.##.# ♣♣.♣ #.....# #...
.#### ♣.♣♣ #.....# #...
.### ♣♣.♣ #.....###...
##.#. ♣g♣♣ #...........
#... #'# ############
#####..#### ... #......<.
#...#.....# #...#
#####.#####..


You could see Crazy Yiuf.

Vanquished Creatures
  4 adders (D:2)
  An ooze (D:1)
  A worm (D:2)
  2 leopard geckos (D:2)
  5 bats
  4 giant cockroaches
  7 goblins
  4 hobgoblins
  A frilled lizard (D:1)
  6 kobolds
  16 rats
51 creatures vanquished.

Notes
Turn   | Place    | Note
-------+----------+-------------------------------------------
     0 | D:1      | Dantiko the Barachi Skald began the quest for the Orb.
     0 | D:1      | Reached XP level 1. HP: 17/17 MP: 3/3
    62 | D:1      | Reached XP level 2. HP: 12/23 MP: 0/5
   159 | D:1      | Learned a level 2 spell: Shroud of Golubria
   323 | D:1      | Reached skill level 1 in Translocations
   323 | D:1      | Reached XP level 3. HP: 16/29 MP: 2/6
   590 | D:2      | Found a stormy altar of Qazlal.
   744 | D:2      | Noticed Terence
   751 | D:2      | Reached XP level 4. HP: 28/35 MP: 4/7
  1344 | D:2      | Found a runed translucent door.
  1345 | D:2      | Noticed Crazy Yiuf
  1369 | D:2      | Slain by Crazy Yiuf

Levels and vault maps discovered:
D:1:      erik_arrival_orb_chamber, layout_rooms
D:2:      layout_basic, grunt_qazlal_sundering, chequers_big_river,
          minmay_tromino_i2, uniq_jessica, uniq_crazy_yiuf_cottage,
          uniq_terence, uniq_sigmund

Skill      XL: |  1  2  3 |
---------------+----------+-----
Fighting       | 3 |  3.8
Long Blades    | 3 |  3.9
Translocations | 1 2 |  2.0
Armour         | |  1.2
Dodging        | |  2.2
Spellcasting   | |  2.2
Charms         | |  3.2

Action                   |  1- 3 |  4- 6 || total
-------------------------+-------+-------++-------
Melee: Falchion          |   103 |       ||   103
       Dagger            |    20 |    70 ||    90
 Cast: Infusion          |     7 |     4 ||    11
       Shroud of Golubri |     6 |     8 ||    14
 Abil: Hop               |       |     2 ||     2
  Eat: Chunk             |     1 |     3 ||     4
Armor: Leather armour    |    32 |     3 ||    35
       Ring mail         |       |     8 ||     8
Dodge: Dodged            |    84 |    42 ||   126
       Rpst.: Falchion   |    23 |       ||    23

Table legend:
 A = Non-vault XP
 B = Vault XP
 C = Vault XP percentage of total XP
 D = Non-vault monster count
 E = Vault monster count
 F = Vault count percentage of total count
                 A         B        C        D         E       F
            +---------+---------+-------+---------+---------+-------
      Total |     120 |      13 |   9.8 |      38 |      13 |  25.5
            +---------+---------+-------+---------+---------+-------
        D:1 |      33 |      12 |  26.7 |      17 |      12 |  41.4
        D:2 |      87 |       1 |   1.1 |      21 |       1 |   4.5
            +---------+---------+-------+---------+---------+-------
